 Dungeon Crawl Stone Soup version 0.27-a0-819-g058290f16d (webtiles) character file.

Game seed: 554462996338784904

113 robertstho the Magician (level 4, 0/32 HPs)
             Began as a Djinni Ice Elementalist on Mar 29, 2021.
             Killed by divine providence
             ... invoked by an orc priest
              (9 damage)
             ... on level 3 of the Dungeon.
             The game lasted 00:04:44 (3407 turns).

robertstho the Magician (Djinni Ice Elementalist)   Turns: 3407, Time: 00:04:46

Health: 0/32       AC:  2    Str:  7    XL:     4   Next: 96%
Gold:   47         EV: 12    Int: 18    God:
                   SH:  0    Dex: 13

rFire    + + .     SeeInvis .   i - +0 rapier
rCold    x . .     Faith    .   (no shield)
rNeg     . . .     Spirit   .   a - +0 robe
rPois    ∞         Reflect  .   (no helmet)
rElec    .         Harm     .   (no cloak)
rCorr    .         Rampage  .   (no gloves)
Will     .....                  (boots unavailable)
Stlth    ++........             (no amulet)
HPRegen  0.10/turn              (no ring)
MPRegen  0.00/turn              (no ring)

@: frozen ramparts, flying
A: fire resistance 2, cold vulnerability 1, float, innate caster, hp casting,
extra vitality 1
a: no special abilities


You were on level 3 of the Dungeon.
You visited 1 branch of the dungeon, and saw 3 of its levels.

You collected 47 gold pieces.

Inventory:

Hand Weapons
 b - a +0 dagger
 c - a +0 short sword
 i - a +0 rapier (weapon)
Armour
 a - a +0 robe (worn)
Scrolls
 d - a scroll of teleportation {unknown}
 e - a scroll of acquirement {unknown}
 f - a scroll of enchant armour {unknown}
 g - a scroll of identify {unknown}
 h - a scroll of torment {unknown}


   Skills:
 * Level 1.0 Fighting
 + Level 2.2 Dodging
 + Level 2.0 Stealth
 * Level 5.0 Spellcasting


You couldn't memorise any spells.
You knew the following spells:

 Your Spells              Type           Power      Damage    Failure   Level
a - Freeze                Ice            88%        1d10      1%          1
b - Frozen Ramparts       Ice            44%        1d6       4%          3
c - Ozocubu's Armour      Ice            22%        N/A       4%          3
d - Hailstorm             Conj/Ice       22%        3d7       17%         4
e - Summon Ice Beast      Ice/Summ       22%        N/A       17%         4
f - Sting                 Tmut/Pois      88%        1d7       1%          1
Your spell library was empty.

Dungeon Overview and Level Annotations

Branches:
Dungeon (3/15)

Altars:

Shops:
D:1 (

Annotations:
D:3 Jessica


Innate Abilities, Weirdness & Mutations

You are immune to poison.
Your flesh is very heat resistant. (rF++)
You are vulnerable to cold. (rC-)
You float through the air rather than walking.
You learn spells naturally, not from books.
Your magical power is your life essence.
You have superior vitality. (+4 HP)


Message History

The orc shouts!
The orc wizard shouts!
You hear a shout!
You hear an angry hiss.
An orc comes into view.
It is wielding a +1 flail of protection.
An orc priest comes into view. It is wielding a +0 trident.
An orc comes into view. It is wielding a +0 dagger of pain.
You hear a shout!
The orc shouts!
You hear a shout!
The orc hits you with a +0 short sword!
An orc wizard comes into view. It is wielding a +0 dagger.
Casting: Freeze (safe; 1% risk of failure)
Confirm with . or Enter, or press ? or * to list all spells.
Casting: Frozen Ramparts (dangerous; 4% risk of failure)
Press: ? - help, Dir - look around, f - activate The walls around you are covered in ice.
The wall freezes the orc.
The orc barely misses you.
Jessica the Apprentice Sorceress comes into view.
She is wielding a +0 club.
The wall freezes the orc.
An orc wizard comes into view. It is wielding a +0 dagger.
Casting: Frozen Ramparts (dangerous; 4% risk of failure)
Confirm with . or Enter, or press ? or * to list all spells.
The spell is extremely dangerous to cast (17% risk of failure)!
Continue anyway?
Casting: Hailstorm (extremely dangerous; 17% risk of failure)
Press: ? - help, Dir - look around, f - activate A cannonade of hail descends around you!
The hail pelts the orc!
You kill the orc!
The hail pelts the orc!
The orc is almost dead.
The hail pelts the orc wizard!
The orc wizard is heavily wounded.
Jessica shouts!
The wall freezes the orc.
You kill the orc!
The wall freezes the orc wizard.
The orc wizard points at you and mumbles some strange words.
The magic dart hits you!
* * * LOW HITPOINT WARNING * * *
The orc priest mumbles some strange prayers to Beogh against you.
Beogh smites you!
You die... ##. ....# #. .@.# #. ooo# #. oo. #. #oo

#. #)# #.
#)# #. #@#
#. #.#
##### #.
#.# #...#
## #.#
#...# #
#.#
#...######
#.#
#.........
#.#
#..†######
#.#
#...####
#.###
#......#


You could see an orc priest, 3 orc wizards, Jessica and 3 orcs.

Vanquished Creatures
  A hound (D:2)
  An adder (D:2)
  2 worms
  2 dart slugs
  2 orcs (D:3)
  4 ball pythons
  4 bats
  6 endoplasms (D:1)
  2 giant cockroaches (D:1)
  8 goblins
  3 hobgoblins
  13 jackals
  6 kobolds
  A quokka (D:1)
  4 rats
59 creatures vanquished.

Notes
Turn   | Place    | Note
-------+----------+-------------------------------------------
     0 | D:1      | robertstho the Djinni Ice Elementalist began the quest for
                  | the Orb.
     0 | D:1      | Reached XP level 1. HP: 15/15 MP: 0/0
    36 | D:1      | Reached XP level 2. HP: 5/22 MP: 0/0
   289 | D:1      | Reached skill level 4 in Spellcasting
   678 | D:1      | Reached XP level 3. HP: 9/26 MP: 0/0
   678 | D:1      | Learned a level 1 spell: Sting
  1305 | D:1      | Found Ohanugol's Antique Weapon Shop.
  2066 | D:2      | Reached XP level 4. HP: 15/31 MP: 0/0
  2997 | D:3      | Reached skill level 5 in Spellcasting
  3292 | D:3      | Reached skill level 1 in Fighting
  3298 | D:3      | Found a faded altar of an unknown god.
  3406 | D:3      | Noticed Jessica
  3407 | D:3      | Killed from afar by an orc priest

Illustrated notes

Levels and vault maps discovered:
D:1:      giann_forest_graveyard, layout_rooms, serial_shops, shop,
          minmay_close_crescents
D:2:      layout_basic
D:3:      layout_basic, nicolae_overflow_hidden_temple,
          chequers_ecumenical_altar_simple_redux, uniq_ijyb, uniq_jessica,
          uniq_grinder

Skill      XL: |  1  2  3  4 |
---------------+-------------+-----
Spellcasting   | 4 5 |  5.0
Stealth        | 2 |  2.0
Fighting       | 1 |  1.0
Dodging        | |  2.2

Action                   |  1- 3 |  4- 6 || total
-------------------------+-------+-------++-------
Melee: Short sword       |    15 |     4 ||    19
       Rapier            |       |    11 ||    11
 Cast: Freeze            |    63 |    14 ||    77
       Frozen Ramparts   |       |     4 ||     4
       Hailstorm         |       |     1 ||     1
 Stab: Sleeping          |     1 |     4 ||     5
Armor: Robe              |    11 |     3 ||    14
Dodge: Dodged            |    40 |    19 ||    59

Table legend: (Time is in decaauts)
 A = Elapsed time spent in this place.
 B = Non-inter-level travel time spent in this place.
 C = Inter-level travel time spent in this place.
 D = Time resting spent in this place.
 E = Time spent auto-exploring this place.
 F = Levels seen in this place.
 G = Mean time per level.
                   A        B        C        D        E       F      G
               +--------+--------+--------+--------+--------+-----+--------+
         Total |   3409 |   3367 |     42 |   1000 |   2031 |   3 | 1136.3 |
       Dungeon |   3409 |   3367 |     42 |   1000 |   2031 |   3 | 1136.3 |
               +--------+--------+--------+--------+--------+-----+--------+

Top non-repeatable levels by time:
     D:1: 1800 daAuts
     D:2: 1044 daAuts
     D:3: 564 daAuts
